 Dungeon Crawl Stone Soup version 0.31.0-12-g77e489cdc1 (webtiles) character file.

Game seed: 3144498998912842645

417 Caestello the Ruffian (level 6, 0/47 HPs)
             Began as a Gnoll Shapeshifter on Feb 16, 2024.
             Slain by a bullfrog (4 damage)
             ... in a sewer.
             The game lasted 00:08:07 (3340 turns).

Caestello the Ruffian (Gnoll Shapeshifter)          Turns: 3340, Time: 00:08:08

Health: 0/47       AC:  3    Str: 15    XL:     6   Next: 93%
Magic:  9/9        EV: 13    Int:  9    God:
Gold:   225        SH:  0    Dex: 12    Spells: 8/9 levels left

rFire   . . .        a - +0 war axe
rCold   . . .        (no shield)
rNeg    . . .        i - +0 leather armour
rPois   .            (helmet currently unavailable)
rElec   .            (cloak currently unavailable)
rCorr   .            (gloves currently unavailable)
SInv    .            (boots currently unavailable)
Will    .....        (no amulet)
Stlth   ++           j - ring of wizardry
HPRegen 0.27/turn    f - ring of flight
MPRegen 0.11/turn

%: wizardry (x1)
@: beast-form, flying
A: beast (slay +3), fangs 1, strong nose, distributed training
a: Begin Untransformation


You were in a sewer.
You were a hulking beast.
You visited 1 branch of the dungeon, and saw 4 of its levels.
You also visited: Sewer.

You collected 225 gold pieces.

Inventory:

Hand Weapons
 a - a +0 war axe (weapon)
 b - a +2 dagger of flaming
Missiles
 q - 5 poisoned darts
Armour
 g - a +0 animal skin
 i - a +0 leather armour (worn)
 l - a +0 helmet
 o - a +0 chain mail
Jewellery
 f - a ring of flight (right hand)
 j - a ring of wizardry (left hand)
Talismans
 c - a beast talisman
 d - a flux talisman
Wands
 e - a wand of mindburst (19)
Scrolls
 h - a scroll of torment {unknown}
 m - a scroll of teleportation
 s - a scroll of revelation {unknown}
 u - 2 scrolls of enchant weapon
Potions
 k - a potion of lignification
 n - 2 potions of might
 p - a potion of haste
 r - a potion of curing {unknown}
 t - a potion of cancellation {unknown}
 v - a potion of ambrosia {unknown}


   Skills:
 + Level 3.4 Fighting
 + Level 2.2 Short Blades
 + Level 2.2 Long Blades
 + Level 2.2 Axes
 + Level 2.2 Maces & Flails
 + Level 2.2 Polearms
 + Level 2.2 Staves
 + Level 2.2 Ranged Weapons
 + Level 2.2 Throwing
 + Level 2.2 Armour
 + Level 5.1 Dodging
 + Level 2.2 Stealth
 + Level 2.2 Shields
 + Level 6.9 Unarmed Combat
 + Level 2.2 Spellcasting
 + Level 1.8 Conjurations
 + Level 1.8 Hexes
 + Level 1.8 Summonings
 + Level 1.8 Necromancy
 + Level 1.8 Translocations
 + Level 1.8 Fire Magic
 + Level 1.8 Ice Magic
 + Level 1.8 Air Magic
 + Level 1.8 Earth Magic
 + Level 1.8 Alchemy
 + Level 2.5 Invocations
 + Level 2.2 Evocations
 + Level 6.8 Shapeshifting


You had 8 spell levels left.
You knew the following spells:

 Your Spells              Type           Power      Damage    Failure   Level
a - Summon Small Mammal   Summ           16%        N/A       8%          1

Your spell library contained the following spells:

 Spells                   Type           Power      Damage    Failure   Level
 Apportation              Tloc           8%         N/A       8%          1
 Necrotise                Necr           16%        1d4       8%          1
 Sting                    Conj/Alch      16%        1d4       8%          1


Dungeon Overview and Level Annotations

Branches:
Dungeon (4/15)              Sewer (1/1)
 Temple: D:4-7

Altars:
Sif Muna


Innate Abilities, Weirdness & Mutations

You are a hulking beast.
Your limbs bulge with bestial killing power. (Slay +3)
You have very sharp teeth.
Your uncanny sense of smell can sniff out nearby items.
Your experience applies equally to all skills.


Message History

The ball python bites you but does no damage.
The ball python constricts you. The bullfrog hits you! The bullfrog hits you.
The ball python barely misses you. The ball python constricts you.
You barely miss the bullfrog.
The bullfrog is lightly wounded.
You slash the bullfrog! You slash the adder! You slash the ball python!
You kill the ball python!
The bullfrog hits you but does no damage.
The bullfrog hits you.
* * * LOW HITPOINT WARNING * * *
The adder barely misses you. The bullfrog misses you.
The bullfrog closely misses you.
The ball python bites you but does no damage.
The ball python misses you. The adder bites you but does no damage.
You hit the bullfrog.
The bullfrog is heavily wounded.
You hit the adder.
You kill the adder!
You closely miss the ball python. You closely miss the bullfrog.
The bullfrog misses you.
The bullfrog hits you but does no damage.
The ball python barely misses you. The ball python misses you.
The bullfrog hits you but does no damage. x2
You slash the bullfrog! You bite the bullfrog.
The bullfrog is almost dead.
You hit the ball python.
You kill the ball python!
You closely miss the bullfrog.
The bullfrog hits you but does no damage.
The bullfrog hits you!
* * * LOW HITPOINT WARNING * * *
The bullfrog hits you.
* * * LOW HITPOINT WARNING * * *
The bullfrog hits you but does no damage.
You hit the bullfrog.
The bullfrog is severely wounded.
You slash the bullfrog!
You kill the bullfrog!
The bullfrog hits you.
You die...

##. ##### ∆ #..'. ∆
#..#† ∆∆ ####.
#+####################..
#....≈~≈≈≈≈≈≈≈≈≈≈≈≈≈....
.....~†≈~~≈≈≈≈≈~≈~~≈....
.....≈†h~≈≈≈≈~~~~~~~....
.....~≈F~~≈≈≈≈~~~≈≈~....
.....~≈~~≈~..~≈~≈≈≈≈....
#....≈~≈≈~≈~~≈~≈≈≈≈~..##
#######################


You could see a bullfrog.

Vanquished Creatures
  A phantom (D:4)
  A bullfrog (Sewer)
  An orc priest (D:3)
  A jelly (D:4)
  Natasha (thrice) (D:2)
  7 adders
  4 river rats (Sewer)
  A ribbon worm (D:3)
  4 dart slugs
  5 orcs (D:3)
  5 endoplasms
  2 giant cockroaches (D:2)
  10 goblins
  11 hobgoblins
  3 jackals (D:1)
  13 ball pythons
  8 bats
  6 frilled lizards
  3 kobolds
  23 rats
112 creatures vanquished.

Notes
Turn   | Place    | Note
-------+----------+-------------------------------------------
     0 | D:1      | Caestello the Gnoll Shapeshifter began the quest for the
                  | Orb.
     0 | D:1      | Reached XP level 1. HP: 17/17 MP: 1/1
    37 | D:1      | Reached XP level 2. HP: 17/23 MP: 2/2
   345 | D:1      | Reached XP level 3. HP: 28/28 MP: 3/3
   844 | D:2      | Reached skill level 1 in Invocations
   860 | D:2      | Reached skill level 1 in Short Blades
   860 | D:2      | Reached skill level 1 in Long Blades
   860 | D:2      | Reached skill level 1 in Axes
   860 | D:2      | Reached skill level 1 in Maces & Flails
   860 | D:2      | Reached skill level 1 in Polearms
   860 | D:2      | Reached skill level 1 in Staves
   860 | D:2      | Reached skill level 1 in Ranged Weapons
   860 | D:2      | Reached skill level 1 in Throwing
   860 | D:2      | Reached skill level 1 in Armour
   860 | D:2      | Reached skill level 1 in Stealth
   860 | D:2      | Reached skill level 1 in Shields
   860 | D:2      | Reached skill level 1 in Spellcasting
   860 | D:2      | Reached skill level 1 in Evocations
  1017 | D:2      | Reached XP level 4. HP: 32/34 MP: 5/5
  1081 | D:2      | Noticed Natasha
  1090 | D:2      | Killed Natasha
  1091 | D:2      | Reached skill level 1 in Conjurations
  1091 | D:2      | Reached skill level 1 in Hexes
  1091 | D:2      | Reached skill level 1 in Summonings
  1091 | D:2      | Reached skill level 1 in Necromancy
  1091 | D:2      | Reached skill level 1 in Translocations
  1091 | D:2      | Reached skill level 1 in Fire Magic
  1091 | D:2      | Reached skill level 1 in Ice Magic
  1091 | D:2      | Reached skill level 1 in Air Magic
  1091 | D:2      | Reached skill level 1 in Earth Magic
  1091 | D:2      | Reached skill level 1 in Alchemy
  1221 | D:2      | Noticed Natasha
  1226 | D:2      | Killed Natasha
  1263 | D:2      | Noticed Natasha
  1270 | D:2      | Killed Natasha
  1271 | D:2      | Reached XP level 5. HP: 18/41 MP: 7/7
  2716 | D:3      | Found a shimmering blue altar of Sif Muna.
  2822 | D:3      | Learned a level 1 spell: Summon Small Mammal
  2896 | D:4      | Noticed a phantom
  2918 | D:4      | Found a glowing drain.
  2927 | D:4      | Reached XP level 6. HP: 35/47 MP: 8/8
  2929 | D:4      | Reached skill level 5 in Dodging
  2945 | Sewer    | Entered a sewer
  3340 | Sewer    | Slain by a bullfrog

Illustrated notes

Levels and vault maps discovered:
D:1:      dpeg_arrival_line_fractal, layout_loops_cross, dreamdust_wishing_well,
          item_on_display_a
D:2:      minmay_diamond_boxcup, layout_basic, uniq_natasha
D:3:      layout_loops_corners, hellmonk_sif_muna_bookshelves, corner_web_ring
D:4:      layout_cave_pools, portal_sewer_entry_d
Sewer:    sewer_minmay_w

Skill      XL: |  1  2  3  4  5  6 |
---------------+-------------------+-----
Invocations    | 1 2 |  2.5
Short Blades   | 1 2 |  2.2
Long Blades    | 1 2 |  2.2
Axes           | 1 2 |  2.2
Maces & Flails | 1 2 |  2.2
Polearms       | 1 2 |  2.2
Staves         | 1 2 |  2.2
Ranged Weapons | 1 2 |  2.2
Throwing       | 1 2 |  2.2
Armour         | 1 2 |  2.2
Stealth        | 1 2 |  2.2
Shields        | 1 2 |  2.2
Spellcasting   | 1 2 |  2.2
Evocations     | 1 2 |  2.2
Conjurations   | 1 |  1.8
Hexes          | 1 |  1.8
Summonings     | 1 |  1.8
Necromancy     | 1 |  1.8
Translocations | 1 |  1.8
Fire Magic     | 1 |  1.8
Ice Magic      | 1 |  1.8
Air Magic      | 1 |  1.8
Earth Magic    | 1 |  1.8
Alchemy        | 1 |  1.8
Fighting       | 3 |  3.4
Dodging        | 5 |  5.1
Unarmed Combat | |  6.9
Shapeshifting  | |  6.8

Action                     |  1- 3 |  4- 6 || total
---------------------------+-------+-------++-------
  Melee: Unarmed           |    26 |       ||    26
         War axe           |    41 |   113 ||   154
         Bite              |     2 |     7 ||     9
         Punch             |     1 |     6 ||     7
    Use: Scroll            |       |     7 ||     7
 Armour: Animal skin       |    20 |       ||    20
         Leather armour    |    19 |   102 ||   121
  Dodge: Dodged            |    65 |    93 ||   158
